 Dungeon Crawl Stone Soup version 0.31-a0-227-ga22c3bf811 (webtiles) character file.

Game seed: 16958670644347503166

140 MacCMillion the Shooter (level 5, -9/26 HPs)
             Began as a Spriggan Hunter on July 6, 2023.
             Shot with an arrow by a centaur (13 damage)
             ... on level 4 of the Dungeon.
             The game lasted 00:06:41 (2406 turns).

MacCMillion the Shooter (Spriggan Hunter)           Turns: 2406, Time: 00:06:42

Health: -9/26      AC:  3    Str:  7    XL:     5   Next: 2%
Magic:  6/6        EV: 18    Int: 10    God:
Gold:   183        SH:  0    Dex: 21    Spells: 4/4 levels left

rFire   . . .        a - +0 shortbow
rCold   . . .        (shield currently unavailable)
rNeg    + . .        c - +0 robe
rPois   .            (helmet restricted)
rElec   .            n - +0 cloak
rCorr   .            (gloves unavailable)
SInv    +            (boots unavailable)
Will    .....        (no amulet)
Stlth   +++          g - ring of positive energy
HPRegen 0.24/turn    (no ring)
MPRegen 0.10/turn

%: no passive effects
@: very quick
A: very small, no large weapons, unfitting armour, see invisible, speed 3
a: no special abilities


You were on level 4 of the Dungeon.
You visited 1 branch of the dungeon, and saw 4 of its levels.

You collected 183 gold pieces.

Inventory:

Hand Weapons
 a - a +0 shortbow (weapon)
Missiles
 p - 2 throwing nets
Armour
 c - a +0 robe (worn)
 n - a +0 cloak (worn)
Jewellery
 g - a ring of positive energy (left hand)
 m - an amulet of faith
Scrolls
 b - a scroll of butterflies
 e - 2 scrolls of teleportation {unknown}
 f - a scroll of fog {unknown}
 h - 2 scrolls of identify {unknown}
 i - a scroll of amnesia {unknown}
 k - a scroll of fear {unknown}
 o - 2 scrolls of blinking {unknown}
 q - a scroll of enchant armour {unknown}
 r - a scroll of vulnerability {unknown}
Potions
 d - a potion of degeneration {unknown}
 j - a potion of heal wounds {unknown}
 l - a potion of lignification {unknown}


   Skills:
 - Level 2.0 Fighting
 + Level 5.6 Ranged Weapons
 - Level 3.0 Dodging
 - Level 4.0 Stealth


You had 4 spell levels left.
You didn't know any spells.
Your spell library contained the following spells:

 Spells                   Type           Power      Damage    Failure   Level
 Blink                    Tloc           0%         N/A       50%         2
 Lesser Beckoning         Tloc           0%         N/A       50%         2
 Momentum Strike          Conj/Tloc      0%         3d8       50%         2
 Gell's Gravitas          Tloc           0%         N/A       75%         3
 Teleport Other           Tloc           0%         N/A       75%         3
 Dispersal                Tloc           0%         N/A       100%        6


Dungeon Overview and Level Annotations

Branches:
Dungeon (4/15)
 Temple: D:4-7

Altars:
Ashenzari
Cheibriados
Elyvilon
Sif Muna

Shops:
D:3 =

Annotations:
D:3 2 runed translucent doors, Sigmund; Tinttamiau's ghost, amateur BaTm


Innate Abilities, Weirdness & Mutations

You are very small and have problems with some larger weapons.
You are too small for most types of armour.
You have supernaturally acute eyesight. (SInv)
You cover ground extremely quickly. (Speed+++)


Message History

No target in view!
Found a stone staircase leading down.
You now have 183 gold pieces (gained 15).
Found a dagger.
A centaur comes into view.
A centaur is nearby!
You shoot an arrow. The arrow hits the centaur.
The centaur shouts!
The centaur is moderately wounded.
The centaur wields a +0 shortbow.
The centaur shoots an arrow.
The arrow completely misses you.
You shoot an arrow. The arrow closely misses the centaur.
The centaur shoots an arrow.
The arrow hits you!
You shoot an arrow. The arrow hits the centaur.
The centaur is moderately wounded.
The centaur shoots an arrow.
The arrow hits you.
The centaur shoots an arrow.
The arrow hits you!
* * * LOW HITPOINT WARNING * * *
You are too injured to fight recklessly!
Fire: a) +0 shortbow
Press: ? - help, Q - select action, (/) - cycle Shift-Dir - straight line, f/p - centaur
Aim: a centaur, wielding a +0 shortbow (moderately wounded, 75% to hit)
You shoot an arrow. The arrow hits the centaur.
The centaur is severely wounded.
The centaur shoots an arrow.
The arrow closely misses you.
Fire: a) +0 shortbow
Press: ? - help, Q - select action, (/) - cycle Shift-Dir - straight line, f/p - centaur
Aim: a centaur, wielding a +0 shortbow (severely wounded, 75% to hit)
You shoot an arrow. The arrow hits the centaur.
The centaur is severely wounded.
The centaur shoots an arrow.
The arrow completely misses you.
Fire: a) +0 shortbow
Press: ? - help, Q - select action, (/) - cycle Shift-Dir - straight line, f/p - centaur
Aim: a centaur, wielding a +0 shortbow (severely wounded, 75% to hit)
You shoot an arrow.
The arrow hits the centaur but does no damage.
The centaur is severely wounded.
The centaur shoots an arrow.
The arrow hits you!
Ouch! That really hurt!
You die...

>...............##.
......#........########
.....#.....#### #
...........#
#c........#
####.........# #
.............# ##
.............## ##.
.).....@......## #..
...............# #..
############.### #..
### ###


You could see a centaur.

Vanquished Creatures
  A jelly (D:3)
  4 gnolls (D:3)
  2 adders
  2 worms
  5 ball pythons
  6 endoplasms
  A giant cockroach (D:3)
  A goblin (D:1)
  5 hobgoblins
  5 jackals
  5 kobolds
  A quokka (D:4)
  2 bats
  5 frilled lizards
  4 rats
49 creatures vanquished.

Notes
Turn   | Place    | Note
-------+----------+-------------------------------------------
     0 | D:1      | MacCMillion the Spriggan Hunter began the quest for the
                  | Orb.
     0 | D:1      | Reached XP level 1. HP: 10/10 MP: 2/2
   235 | D:1      | Reached XP level 2. HP: 15/15 MP: 3/3
   657 | D:2      | Reached XP level 3. HP: 18/18 MP: 4/4
  1200 | D:3      | Found a broken altar of Ashenzari.
  1237 | D:3      | Found a large runed translucent door.
  1237 | D:3      | Found a large runed translucent door.
  1240 | D:3      | Noticed Tinttamiau's ghost (amateur BaTm)
  1302 | D:3      | Found Ucsyup's Jewellery Emporium.
  1341 | D:3      | Noticed Sigmund
  1354 | D:3      | Found a shimmering blue altar of Sif Muna.
  1354 | D:3      | Found a snail-covered altar of Cheibriados.
  1481 | D:3      | Reached XP level 4. HP: 23/23 MP: 5/5
  1510 | D:3      | Reached skill level 5 in Ranged Weapons
  1629 | D:3      | Found a white marble altar of Elyvilon.
  2168 | D:4      | Reached XP level 5. HP: 26/26 MP: 6/6
  2400 | D:4      | Noticed a centaur
  2406 | D:4      | Shot with an arrow by a centaur

Illustrated notes

Levels and vault maps discovered:
D:1:      moated_graveyard_arrival, layout_rooms, minivault_24,
          nrook_mini_backslash
D:2:      layout_basic, nicolae_the_louvre
D:3:      layout_basic, cheibrodos_ashenzari_chains,
          gammafunk_temple_overflow_elements, elyvilon_altar_3,
          ebering_ghost_disaster_area, serial_shops, shop,
          kennysheep_generic_room_10, uniq_sigmund
D:4:      layout_cave_pods, marbit_many_paths

Skill      XL: |  1  2  3  4 |
---------------+-------------+-----
Stealth        | 2 3 4 |  4.0
Dodging        | 3 |  3.0
Fighting       | 2 |  2.0
Ranged Weapons | 5 |  5.6

Action                     |  1- 3 |  4- 6 || total
---------------------------+-------+-------++-------
   Fire: Shortbow          |    93 |    46 ||   139
 Armour: Robe              |     1 |     1 ||     2
  Dodge: Dodged            |    16 |    13 ||    29

Table legend: (Time is in decaauts)
 A = Elapsed time spent in this place.
 B = Non-inter-level travel time spent in this place.
 C = Inter-level travel time spent in this place.
 D = Time resting spent in this place.
 E = Time spent auto-exploring this place.
 F = Levels seen in this place.
 G = Mean time per level.
                   A        B        C        D        E       F      G
               +--------+--------+--------+--------+--------+-----+--------+
         Total |   1601 |   1567 |     34 |    124 |   1054 |   4 |  400.2 |
       Dungeon |   1601 |   1567 |     34 |    124 |   1054 |   4 |  400.2 |
               +--------+--------+--------+--------+--------+-----+--------+

Top non-repeatable levels by time:
     D:3: 617 daAuts
     D:2: 406 daAuts
     D:1: 366 daAuts
     D:4: 210 daAuts
